 Dungeon Crawl Stone Soup version 0.17.0-9-g801d43b (webtiles) character file.

5535 oplop the Covert (level 10, -1/57 HPs)
             Began as a Vine Stalker Assassin on Nov 9, 2015.
             Was a Believer of Ru.
             Slain by a yak (9 damage)
             ... on level 11 of the Dungeon.
             The game lasted 00:26:40 (8256 turns).

oplop the Covert (Vine Stalker Assassin)            Turns: 8256, Time: 00:26:40

Health: -1/57      AC: 11    Str: 13    XL:     10   Next: 71%
Magic:  0/11       EV: 16    Int: 15    God:    Ru [**....]
Gold:   360        SH:  0    Dex: 20    Spells: 1 memorised, 6 levels left

rFire  . . .     SeeInvis .     P - +9 rapier of the Queen {pierce, rPois Stlth+}
rCold  + . .     Clarity  .     E - +1 leather armour {rN+}
rNeg   + . .     SustAt   .     (no shield)
rPois  +         Gourm    .     (no helmet)
rElec  .         Spirit   +     d - +0 cloak
rCorr  .         Warding  .     q - +1 pair of gloves
rMut   .         Stasis   .     L - +2 pair of boots {Fly}
MR     ++...                    (no amulet)
Stlth  +++++.....               O - ring of Wyokyarph {MR+ Int+4}
                                v - ring of protection from cold

@: no scrolls, flying, very resistant to hostile enchantments, quite stealthy
A: fangs 3, regeneration 2, magic shield, antimagic bite, no device heal 3, rot
immunity, inability to read while threatened, inexperienced 1
a: Renounce Religion, Stop Flying


You were on level 11 of the Dungeon.
You worshipped Ru.
Ru was pleased with you.
You were not hungry.

You visited 2 branches of the dungeon, and saw 12 of its levels.

You collected 592 gold pieces.
You spent 232 gold pieces at shops.

Inventory:

Hand Weapons
 a - a +2 dagger
 b - a +0 blowgun
 P - the +9 rapier of the Queen (weapon) {pierce, rPois Stlth+}
   (You acquired it on level 9 of the Dungeon)

   It inflicts extra damage upon your enemies.
   It protects you from poison.
   It makes you more stealthy.
Missiles
 i - 12 poisoned needles
Armour
 d - a +0 cloak (worn)
 q - a +1 pair of gloves (worn)
 E - a +1 leather armour of positive energy (worn)
 L - a +2 pair of boots of flying (worn)
Jewellery
 u - an uncursed ring of sustain attributes
 v - a ring of protection from cold (left hand)
 F - an uncursed ring of fire
 O - the ring of Wyokyarph (right hand) {MR+ Int+4}
   (You found it on level 10 of the Dungeon)

   [ring of intelligence]

   It affects your intelligence (+4).
   It affects your resistance to hostile enchantments.
Wands
 e - a wand of magic darts (18)
 n - a wand of slowing (10)
 r - a wand of random effects (34)
 y - a wand of fire (7)
 H - a wand of cold (7)
 I - a wand of hasting (6)
Scrolls
 c - 3 scrolls of teleportation
 h - 2 scrolls of remove curse
 k - 4 scrolls of identify
 l - a scroll of acquirement
 z - a scroll of recharging
 C - a scroll of blinking
 N - a scroll of fog
 Q - a scroll of vulnerability {unknown}
 R - a scroll of amnesia {unknown}
Potions
 m - 2 potions of berserk rage {unknown}
 o - a potion of poison {unknown}
 p - a potion of cancellation {unknown}
 x - a potion of haste {unknown}
 A - a potion of lignification {unknown}
 G - 2 potions of curing
 J - 2 potions of magic {unknown}
Books
 f - a Necronomicon

   Spells                             Type                      Level
   a - Haunt                          Necromancy/Summoning         7
   b - Borgnjor's Revivification      Necromancy                   8
   c - Death's Door                   Charms/Necromancy            8
   d - Necromutation                  Transmutation/Necromancy     8
 s - a book of the Warp

   Spells                             Type                      Level
   a - Recall                         Summoning/Translocation      3
   b - Gell's Gravitas                Hexes/Translocation          3
   c - Force Lance                    Conjuration/Translocation    4
   d - Phase Shift                    Translocation                5
   e - Warp Weapon                    Charms/Translocation         5
   f - Summon Forest                  Summoning/Translocation      5
 w - a book of Frost

   Spells                             Type                      Level
   a - Freeze                         Ice                          1
   b - Throw Frost                    Conjuration/Ice              2
   c - Ozocubu's Armour               Charms/Ice                   3
   d - Throw Icicle                   Conjuration/Ice              4
   e - Summon Ice Beast               Ice/Summoning                4
   f - Condensation Shield            Ice                          4
 D - a book of Power

   Spells                             Type                      Level
   a - Fulminant Prism                Conjuration/Hexes            4
   b - Iskenderun's Mystic Blast      Conjuration                  4
   c - Venom Bolt                     Conjuration/Poison           5
   d - Bolt of Magma                  Conjuration/Fire/Earth       5
   e - Iron Shot                      Conjuration/Earth            6
   f - Orb of Destruction             Conjuration                  7
   g - Spellforged Servitor           Conjuration/Summoning        7
Comestibles
 g - 7 bread rations
 j - 5 meat rations
 t - 29 fruits
 B - a slice of pizza
 K - 2 beef jerkies
 M - a royal jelly


   Skills:
 + Level 8.4 Fighting
 + Level 8.3 Short Blades
 - Level 1.7 Throwing
 + Level 4.8 Armour
 + Level 5.4 Dodging
 - Level 9.4 Stealth
 - Level 0.6 Charms
 - Level 0.6 Ice Magic


You had 6 spell levels left.
You knew the following spells:

 Your Spells              Type           Power        Failure   Level  Hunger
a - Ozocubu's Armour      Chrm/Ice       #.......     80%         3    ####...


Dungeon Overview and Level Annotations

Branches:
Dungeon (11/15)            Temple (1/1) D:5
   Lair: D:8-11         Orc: D:9-12

Altars:
Ashenzari
Cheibriados
Dithmenos
Elyvilon
Fedhas
Gozag
Kikubaaqudgha
Makhleb
Nemelex Xobeh
Okawaru
Qazlal
Ru
Sif Muna
Trog
Vehumet
Xom
Yredelemnul
Zin
The Shining One

Shops:
D:9 ?:?[

Annotations:
D:5 Grinder
D:7 Duvessa


Innate Abilities, Weirdness & Mutations

You have razor-sharp teeth.
You heal very quickly.
When hurt, damage is shared between your health and your magic reserves.
Your bite disrupts and absorbs the magic of your enemies.
Potions and wands cannot restore your health.
You are immune to rotting.
You cannot read scrolls while threatened.
You are somewhat inexperienced (-2 XL).


Message History

The yak barely misses you.
You puncture the yak! You bite the yak, but do no damage.
The yak is moderately wounded.
You closely miss the yak. Your bite misses the yak.
The yak is moderately wounded.
The yak closely misses you. The yak gores you!
You closely miss the yak. You bite the yak, but do no damage.
The yak is moderately wounded.
You redirect the yak's attack!
The yak barely misses the yak.
The yak gores you!
You feel threatened and lose the ability to read scrolls!
The yak gores you!
You puncture the yak!
The yak is heavily wounded.
The yak misses you. The yak gores you!
* * * LOW HITPOINT WARNING * * *
The yak gores you!
* * * LOW HITPOINT WARNING * * *
The yak gores you!
You die...

## .## ###..##
####.....##
##..!......##
##..Y.Y......#
#....@Y.......
#.....Y.......
#.............
##...>........
#............
#.............
..............#
..............#
....##.......##


You could see 4 yaks.

Vanquished Creatures
  A centaur warrior (D:9)
  Psyche (D:8)
  A gargoyle (D:9)
  Sigmund (D:4)
  A deep elf mage (D:9)
  4 yaks (D:10)
  A basilisk (D:9)
  Eustachio (D:4)
  3 hippogriffs
  Edmund (D:5)
  2 water moccasins
  2 ice beasts
  5 orc warriors
  6 ogres
  2 sky beasts
  A necrophage (D:9)
  2 phantoms (D:10)
  2 centaurs
  A crocodile (D:9)
  3 big kobolds
  A giant frog (D:7)
  A wyvern skeleton (D:8)
  Dowan (D:7)
  3 scorpions
  A water moccasin skeleton (D:9)
  4 wights (D:8)
  A quasit (D:8)
  2 wasp zombies (D:8)
  A giant frog zombie (D:7)
  3 orc priests
  3 hounds
  4 crimson imps
  3 jellies
  4 centaur skeletons
  A giant frog skeleton (D:4)
  3 iguanas
  5 orc wizards
  A worker ant (D:9)
  2 hound skeletons
  A worker ant zombie (D:6)
  10 adders
  4 gnolls
  2 shadow imps (D:7)
  An ooze (D:6)
  3 adder zombies
  2 adder skeletons
  2 worms
  4 giant geckos
  29 orcs
  8 bats
  5 giant cockroaches
  10 goblins
  7 hobgoblins
  8 jackals
  5 quokkas
  2 ball pythons
  A giant gecko skeleton (D:4)
  4 giant newts
  2 jackal skeletons (D:4)
  10 kobolds
  2 quokka zombies
  8 rats
215 creatures vanquished.

Notes
Turn   | Place    | Note
--------------------------------------------------------------
     0 | D:1      | oplop the Vine Stalker Assassin began the quest for the Orb.
     0 | D:1      | Reached XP level 1. HP: 11/11 MP: 2/2
    77 | D:1      | Reached skill level 5 in Stealth
   142 | D:1      | Reached XP level 2. HP: 15/15 MP: 3/3
   569 | D:1      | You fall through a shaft!
   569 | D:2      | Found a radiant altar of Vehumet.
   581 | D:2      | Reached XP level 3. HP: 18/18 MP: 4/4
   802 | D:2      | Found an opulent altar of Gozag.
   824 | D:2      | Reached XP level 4. HP: 21/23 MP: 5/5
   952 | D:2      | Found a snail-covered altar of Cheibriados.
  1658 | D:3      | Reached skill level 6 in Stealth
  1658 | D:3      | Reached XP level 5. HP: 26/28 MP: 6/6
  1870 | D:3      | Found a glowing silver altar of Zin.
  1951 | D:3      | Gained mutation: You heal very quickly. [Vine Stalker growth]
  1951 | D:3      | Reached XP level 6. HP: 19/32 MP: 7/7
  2066 | D:3      | Found a glowing golden altar of the Shining One.
  2591 | D:4      | Noticed Sigmund
  2594 | D:4      | Killed Sigmund
  2594 | D:4      | Reached skill level 7 in Stealth
  2594 | D:4      | Reached XP level 7. HP: 35/37 MP: 8/8
  2736 | D:4      | Noticed Eustachio
  2807 | D:4      | Killed Eustachio
  3226 | D:5      | Entered Level 5 of the Dungeon
  3303 | D:5      | Found a staircase to the Ecumenical Temple.
  3382 | Temple   | Entered the Ecumenical Temple
  3557 | Temple   | Became a worshipper of Ru the Awakened
  3596 | D:5      | Noticed Grinder
  3636 | D:5      | Noticed Edmund
  3661 | D:5      | HP: 1/38 [poisoned by Edmund]
  3723 | D:5      | Killed Edmund
  3723 | D:5      | Reached skill level 8 in Stealth
  3739 | D:5      | Gained mutation: You have razor-sharp teeth. [Vine Stalker growth]
  3739 | D:5      | Reached XP level 8. HP: 16/42 MP: 7/9
  3843 | D:5      | Found a sparkling altar of Nemelex Xobeh.
  3843 | D:5      | Found an ancient bone altar of Kikubaaqudgha.
  3848 | D:5      | Found a shattered altar of Ashenzari.
  3848 | D:5      | Found a shadowy altar of Dithmenos.
  3955 | D:5      | Reached skill level 5 in Fighting
  3955 | D:5      | Reached skill level 5 in Short Blades
  4276 | D:6      | Found a shimmering altar of Xom.
  4304 | D:6      | Reached skill level 9 in Stealth
  4620 | D:6      | Reached skill level 1 in Dodging
  4719 | D:6      | Reached XP level 9. HP: 44/48 MP: 8/10
  4793 | D:6      | Gained mutation: You are somewhat inexperienced (-2 XL). [Ru sacrifice]
  4793 | D:6      | Reached XP level 8. HP: 44/44 MP: 9/9
  4793 | D:6      | Reached XP level 7. HP: 40/40 MP: 8/8
  4793 | D:6      | Reached * piety under Ru
  5046 | D:7      | Learned a level 3 spell: Ozocubu's Armour
  5535 | D:7      | Noticed Duvessa
  5536 | D:7      | Noticed Dowan
  5700 | D:7      | Reached skill level 1 in Armour
  5732 | D:7      | Killed Dowan
  5732 | D:7      | Reached XP level 8. HP: 15/45 MP: 3/9
  6065 | D:8      | Noticed Psyche
  6068 | D:8      | Killed Psyche
  6214 | D:8      | Reached XP level 9. HP: 30/50 MP: 5/10
  6652 | D:9      | Noticed a gargoyle
  6655 | D:9      | Killed a gargoyle
  6707 | D:9      | Found Udimpiz's Antique Armour Boutique.
  6716 | D:9      | Bought a pair of glowing boots for 144 gold pieces
  6859 | D:9      | Gained mutation: You cannot read scrolls while threatened. [Ru sacrifice]
  6859 | D:9      | Reached ** piety under Ru
  7034 | D:9      | Found Naism's Magic Scroll Boutique.
  7086 | D:9      | Found Epauputz's Book Shop.
  7140 | D:9      | Noticed a centaur warrior
  7152 | D:9      | Killed a centaur warrior
  7152 | D:9      | Reached XP level 10. HP: 25/56 MP: 9/11
  7386 | D:9      | Found Oduiron's Magic Scroll Shoppe.
  7411 | D:9      | Bought a scroll of teleportation for 33 gold pieces
  7411 | D:9      | Bought a scroll of teleportation for 33 gold pieces
  7411 | D:9      | Bought a scroll of identify for 22 gold pieces
  7411 | D:9      | Identified 2 scrolls of acquirement
  7412 | D:9      | Got an encrusted rapier
  7413 | D:9      | Identified the +9 rapier of the Queen {pierce, rPois Stlth+} (You acquired it on level 9 of the Dungeon)
  7576 | D:9      | Reached skill level 5 in Dodging
  7657 | D:10     | Entered Level 10 of the Dungeon
  7729 | D:10     | Got a steaming amber ring
  7731 | D:10     | Identified the ring of Wyokyarph {MR+ Int+4} (You found it on level 10 of the Dungeon)
  8256 | D:11     | Slain by a yak

Action                   |  1- 3 |  4- 6 |  7- 9 | 10-12 || total
-------------------------+-------+-------+-------+-------++-------
Melee: Dagger            |    57 |   150 |   544 |     6 ||   757
       Rapier            |       |       |       |    89 ||    89
 Fire: Blowgun           |    14 |    13 |    14 |       ||    41
Invok: Sacrifice Experie |       |       |     1 |       ||     1
       Sacrifice Words   |       |       |     1 |       ||     1
Evoke: Wand              |       |       |     3 |       ||     3
  Use: Scroll            |       |     5 |     5 |     1 ||    11
       Potion            |       |       |     2 |       ||     2
 Stab: Sleeping          |    10 |    15 |    19 |    12 ||    56
       Distracted        |       |     1 |     3 |     1 ||     5
       Confused          |       |       |     1 |       ||     1
       Petrifying        |       |       |     1 |       ||     1
  Eat: Chunk             |       |     5 |    10 |     4 ||    19
       Pizza             |       |       |     1 |       ||     1
       Royal jelly       |       |       |     1 |       ||     1
       Fruit             |       |       |     1 |       ||     1
